AoeStats
← LukeMafra

Black Forest

505065017Analyzed
4v4 RM · 25d ago on Sep 7, 2026· 77m 36s· 8 players
Game mode
Random Map
Map size
Large (8 player)
Population
200
Speed
Normal
Resources
Standard
Victory
Conquest
Starting age
Dark Age
Ending age
Imperial Age
RankedLock teamsTeams togetherTeam positionsShared explorationLock speedFull tech treeHidden civsTurbo modeCheats
Victory
Defeat
🇺🇸 Burgundians · United States
587
+12
🇩🇪 Berbers · Germany
571
+13
🇮🇳 Huns · India
567
+13
🇷🇴 Franks · Romania
440
+17
🇧🇷 Celts · Brazil
527
-15
🇧🇷 Franks · Brazil
514
-15
🇧🇷 Spanish · Brazil
474
-13
🇧🇷 Khmer · Brazil
450
-12
alexdoctorofsoul
14:08 Feudal Age
15:23 Double-Bit Axe
19:08 Gold Mining
19:08 Stone Mining
22:28 Wheelbarrow
27:22 Castle Age
28:39 Bow Saw
29:46 Gold Shaft Mining
29:32 Hand Cart
30:29 Caravan
36:47 Fortified Wall
36:28 Guard Tower
39:21 Imperial Age
39:24 Cavalier
42:01 Chemistry
41:01 Paladin
42:21 Chivalry
46:14 Scale Barding Armor
51:53 Elite Throwing Axeman
amk1285
10:05 Loom
16:22 Feudal Age
16:47 Horse Collar
17:00 Stone Mining
17:21 Double-Bit Axe
18:53 Gold Mining
20:42 Wheelbarrow
19:53 Town Watch
27:38 Castle Age
29:19 Bow Saw
31:03 Gold Shaft Mining
31:04 Stone Shaft Mining
30:09 Crossbowman
30:51 Man-at-Arms
33:37 Heavy Plow
35:33 Hand Cart
35:19 Town Patrol
35:41 Thumb Ring
38:56 Husbandry
41:45 Guard Tower
42:15 Ballistics
42:06 Fortified Wall
42:02 Siphons
41:38 Treadmill Crane
42:25 Devotion
42:53 Heresy
42:29 Herbal Medicine
42:44 Redemption
42:35 Atonement
42:46 Fervor
42:34 Murder Holes
43:44 Masonry
44:48 Heated Shot
45:08 Clinker Construction
45:09 Careening
49:02 Imperial Age
47:34 Scale Barding Armor
47:30 Scale Mail Armor
49:04 Cavalier
49:48 Arrowslits
53:05 Chemistry
52:27 Faith
52:33 Illumination
52:43 Theocracy
52:35 Chain Barding Armor
52:31 Chain Mail Armor
52:11 Fletching
54:10 Kasbah
54:11 Maghrebi Camels
54:32 Conscription
61:03 Padded Archer Armor
61:14 Forging
70:10 Plate Barding Armor
70:06 Plate Mail Armor
69:52 Leather Archer Armor
69:32 Bodkin Arrow
70:13 Iron Casting
73:59 Hoardings
74:08 Ring Archer Armor
LordRD
13:58 Feudal Age
15:12 Double-Bit Axe
16:07 Wheelbarrow
17:57 Horse Collar
20:37 Fishing Lines
26:09 Castle Age
26:13 Bloodlines
27:43 Hand Cart
27:33 Heavy Plow
27:51 Bow Saw
28:25 Husbandry
29:11 Thumb Ring
31:43 Marauders
37:10 Imperial Age
36:46 Caravan
37:19 Coinage
36:50 Gold Mining
38:15 Atheism
38:17 Conscription
37:29 Cavalier
38:45 Parthian Tactics
39:36 Two-Man Saw
38:43 Murder Holes
39:11 Ballistics
39:47 Devotion
39:28 Heavy Cavalry Archer
42:45 Chemistry
43:04 Paladin
50:40 Gillnets
52:38 Town Watch
52:27 Elite Tarkan
53:26 Masonry
53:30 Scale Barding Armor
53:27 Scale Mail Armor
53:29 Padded Archer Armor
53:21 Fletching
53:43 Forging
59:03 Chain Barding Armor
58:59 Chain Mail Armor
59:20 Iron Casting
58:41 Bodkin Arrow
59:02 Leather Archer Armor
59:02 Town Patrol
ironside323437
0:27 Loom
7:04 Wheelbarrow
11:40 Double-Bit Axe
15:06 Feudal Age
14:52 Fishing Lines
15:28 Horse Collar
16:46 Bow Saw
16:51 Gold Mining
17:17 Arson
18:46 Hand Cart
18:17 Town Watch
18:25 Gillnets
22:00 Gold Shaft Mining
21:32 Heavy Plow
28:21 Castle Age
26:57 Stone Mining
28:28 Stone Shaft Mining
28:24 Forging
28:15 Scale Mail Armor
28:22 Scale Barding Armor
28:08 Fletching
28:19 Padded Archer Armor
29:35 Town Patrol
30:14 Crop Rotation
30:50 Two-Man Saw
30:40 Iron Casting
33:54 Imperial Age
32:07 Husbandry
31:28 Light Cavalry
31:53 Treadmill Crane
32:25 Fortified Wall
32:34 Fervor
33:31 Chain Barding Armor
33:30 Chain Mail Armor
33:07 Fletching
33:59 Masonry
33:45 Murder Holes
33:57 Squires
35:41 Chemistry
35:26 Cavalier
36:40 Architecture
36:34 Ballistics
36:01 Arrowslits
36:12 Murder Holes
36:58 Plate Barding Armor
36:21 Bodkin Arrow
37:58 Bombard Tower
38:11 Plate Mail Armor
38:46 Blast Furnace
43:13 Conscription
45:14 Hoardings
44:59 Guilds
45:55 Bracer
45:56 Padded Archer Armor
46:27 Plate Mail Armor
46:52 Burgundian Vineyards
46:08 Elite Coustillier
46:59 Arrowslits
47:37 Ballistics
47:14 Murder Holes
53:48 Caravan
55:07 Padded Archer Armor
63:37 Flemish Revolution
STEELY DAN
0:32 Loom
13:56 Feudal Age
14:25 Town Watch
14:39 Double-Bit Axe
15:43 Wheelbarrow
15:14 Man-at-Arms
15:40 Arson
16:27 Gold Mining
17:22 Horse Collar
21:06 Stone Mining
22:53 Forging
22:43 Scale Mail Armor
27:39 Castle Age
28:57 Hand Cart
28:57 Town Patrol
30:27 Iron Casting
30:07 Chain Mail Armor
30:22 Light Cavalry
31:04 Husbandry
30:46 Long Swordsman
34:36 Chain Mail Armor
34:48 Bow Saw
35:08 Heavy Plow
37:20 Gold Shaft Mining
37:20 Stone Shaft Mining
37:18 Elite Skirmisher
38:05 Pikeman
45:15 Gambesons
53:37 Imperial Age
56:42 Conscription
57:52 Halberdier
60:46 Plate Mail Armor
71:35 Elite Woad Raider
LukeMafra
8:49 Loom
12:11 Feudal Age
20:54 Castle Age
19:28 Double-Bit Axe
19:40 Gold Mining
27:09 Gold Shaft Mining
28:00 #83
28:21 Padded Archer Armor
34:01 Imperial Age
33:30 Scale Barding Armor
33:43 Leather Archer Armor
35:28 Elite Throwing Axeman
37:37 Cavalier
40:56 Chivalry
40:20 Paladin
mari_prigol
1:17 Loom
15:48 Feudal Age
16:28 Horse Collar
16:42 Arson
16:48 Double-Bit Axe
17:42 Wheelbarrow
16:56 Town Watch
17:05 Gold Mining
18:53 Man-at-Arms
23:54 Stone Mining
24:35 Town Watch
29:21 Castle Age
30:08 Forging
30:00 Padded Archer Armor
30:34 Hand Cart
31:33 Heavy Plow
33:15 Gold Shaft Mining
33:28 Stone Shaft Mining
34:40 Town Patrol
38:38 Pikeman
41:46 Iron Casting
41:13 Padded Archer Armor
42:29 Tusk Swords
46:46 Leather Archer Armor
53:30 Scale Barding Armor
53:59 Bow Saw
55:53 Husbandry
55:20 Long Swordsman
57:18 Bloodlines
57:34 Chain Barding Armor
57:15 Scale Mail Armor
57:06 Fletching
58:22 Chain Mail Armor
65:21 Bodkin Arrow
Coronel Calcinha
14:16 Feudal Age
16:04 Double-Bit Axe
17:27 Horse Collar
17:42 Stone Mining
17:43 Gold Mining
24:26 Castle Age
22:27 Man-at-Arms
23:21 Arson
26:04 Long Swordsman
26:04 Pikeman
26:30 Gambesons
27:55 Scale Barding Armor
27:51 Scale Mail Armor
27:53 Padded Archer Armor
35:28 Imperial Age
36:23 Bow Saw
36:35 Leather Archer Armor
36:10 Fletching
36:30 Forging
36:36 Chain Mail Armor
36:42 Chain Barding Armor
35:46 Pikeman
36:26 Squires
37:12 Heavy Plow
37:34 Halberdier
37:35 Two-Handed Swordsman
39:21 Elite Conquistador
41:14 Ring Archer Armor
40:40 Bodkin Arrow
41:20 Iron Casting
41:56 Champion
50:06 Hoardings
61:55 Onager
Connection lost

Rejoining the realm…

Still unreachable

The connection could not be restored.

Session expired

The server has moved on; the page needs a fresh start.